 Dungeon Crawl Stone Soup version 0.29-a0-214-g17f627cfee (webtiles) character file.

Game seed: 255942330840252701

557 tilp the Chiller (level 7, 31/31 HPs)
             Began as a Felid Ice Elementalist on Feb 24, 2022.
             Was an Initiate of Vehumet.
             Quit the game on level 6 of the Dungeon.
             The game lasted 00:09:19 (8509 turns).

tilp the Chiller (Felid Ice Elementalist)           Turns: 8509, Time: 00:09:19

Health: 31/31      AC:  2    Str:  4    XL:     7   Next: 9%
Magic:  14/14      EV: 18    Int: 19    God:    Vehumet [......]
Gold:   343        SH:  0    Dex: 16    Spells: 3/14 levels left
                                        Lives:  1   Deaths: 1

rFire   . . .      SeeInvis +     - Unarmed
rCold   . . .      Faith    .   (shield unavailable)
rNeg    . . .      Spirit   .   (body armour unavailable)
rPois   .          Reflect  .   (helmet unavailable)
rElec   .          Harm     .   (cloak unavailable)
rCorr   .          Rampage  .   (gloves unavailable)
Will    +....                   (boots unavailable)
Stlth   +++.......              (no amulet)
HPRegen 0.10/turn               (no ring)
MPRegen 0.14/turn               (no ring)

@: quick
A: very small, claws 1, fangs 3, see invisible, speed 1, shaggy fur 2, stealthy
paws, no weapons or thrown items, no armour, multi-lived
a: Renounce Religion


You were on level 6 of the Dungeon.
You worshipped Vehumet.
Vehumet was noncommittal.
You visited 2 branches of the dungeon, and saw 7 of its levels.

You collected 343 gold pieces.

Inventory:

Wands
 i - a wand of flame (3)
Scrolls
 a - 2 scrolls of amnesia
 d - a scroll of fear
 j - a scroll of blinking {unknown}
Potions
 b - 2 potions of brilliance
 c - a potion of magic
 e - a potion of heal wounds
 f - 3 potions of flight
 g - 2 potions of curing
 h - a potion of berserk rage
 k - a potion of attraction {unknown}
 m - a potion of degeneration {unknown}


   Skills:
 * Level 3.8 Fighting
 - Level 4.0 Dodging
 + Level 4.9 Stealth
 - Level 4.0 Unarmed Combat
 - Level 4.0 Spellcasting
 - Level 6.0 Ice Magic


You had 3 spell levels left.
You knew the following spells:

 Your Spells              Type           Power      Damage    Failure   Level
a - Freeze                Ice            100%       1d11      1%          1
b - Frozen Ramparts       Ice            52%        1d7       3%          3
c - Ozocubu's Armour      Ice            26%        N/A       3%          3
d - Hailstorm             Conj/Ice       15%        3d5       36%         4

Your spell library contained the following spells:

 Spells                   Type           Power      Damage    Failure   Level
 Beastly Appendage        Tmut           6%         N/A       14%         1
 Wereblood                Tmut           3%         N/A       21%         2
 Gell's Gravitas          Tloc           3%         N/A       38%         3
 Lesser Beckoning         Tloc           3%         N/A       38%         3
 Spider Form              Tmut/Pois      3%         N/A       38%         3
 Teleport Other           Tloc           3%         N/A       38%         3


Dungeon Overview and Level Annotations

Branches:
Dungeon (6/15)             Temple (1/1) D:4

Altars:
Ashenzari
Cheibriados
Dithmenos
Elyvilon
Fedhas
Hepliaklqana
Kikubaaqudgha
Makhleb
Okawaru
Qazlal
Ru
Sif Muna
Trog
Vehumet
Wu Jian
Xom
Yredelemnul
The Shining One
Beogh

Annotations:
D:4 Blork the orc


Innate Abilities, Weirdness & Mutations

You have sharp claws.
You have razor-sharp teeth.
You have supernaturally acute eyesight. (SInv)
You cover ground quickly. (Speed+)
You are covered in thick fur. (AC +2)
Your paws help you pounce on unaware monsters.
You are incapable of wielding weapons or throwing items.
You cannot wear armour.
You gain extra lives every three experience levels.


Message History

The centaur wields a +1 shortbow of freezing.
It is covered in frost.
The centaur shoots an arrow.
The arrow closely misses you.
The centaur shoots an arrow.
The arrow hits you! The arrow freezes you.
The centaur shoots an arrow.
The arrow barely misses you.
The centaur shoots an arrow.
The arrow closely misses you.
Casting: Freeze (safe; 1% risk of failure)
Confirm with . or Enter, or press ? or * to list all spells.
A film of ice covers your body!
The centaur shoots an arrow.
The arrow hits you but does no damage.
Unknown command.
Casting: Ozocubu's Armour (dangerous; 3% risk of failure)
Confirm with . or Enter, or press ? or * to list all spells.
Casting: Frozen Ramparts (dangerous; 3% risk of failure)
Press: ? - help, Dir - look around, f - activate The walls around you are covered in ice.
The wall freezes the centaur.
The centaur shoots an arrow.
The arrow completely misses you.
The wall freezes the centaur.
The centaur shoots an arrow.
The arrow hits you. The arrow freezes you.
Unknown command.
Unknown command.
The wall freezes the centaur but does no damage.
The centaur shoots an arrow.
The arrow hits you but does no damage.
The wall freezes the centaur.
The centaur shoots an arrow.
The arrow closely misses you.
The wall freezes the centaur.
The centaur shoots an arrow.
The arrow closely misses you.
The wall freezes the centaur.
The centaur shoots an arrow.
The arrow hits you!
* * * LOW HITPOINT WARNING * * *
The arrow freezes you.
* * * LOW HITPOINT WARNING * * *
The wall freezes the centaur.
The centaur shoots an arrow.
The arrow completely misses you.
The wall freezes the centaur but does no damage.
The centaur shoots an arrow.
The arrow hits you.
You die...
You are now level 7!
You rejoin the land of the living...
Unknown command.
Unknown command.
Are you sure you want to abandon this character and quit the game? (Confirm with "yes".)

#.#.......#.#.#
#.#....####.#.######
>......+............
...#....####.#......
....#....####..[.#.#.#
###.......'.......'....
##.#....####....#.#.#
..#....####....#.#.#
+@......#....#.#..
#.#.#####....#...# #.#
#####....#...' ...
.........#...#
#.#.########.'...#
#.#.....# #.#...#
#####+#+###.####.#...#
#.....................
#........##.####.#####


There were no monsters in sight!

Vanquished Creatures
  4 ogres
  A phantom (D:5)
  A bullfrog (D:4)
  A scorpion (D:4)
  4 killer bees (D:6)
  2 bullfrog zombies
  2 hounds
  A jelly (D:5)
  An iguana (D:4)
  2 hound skeletons (D:4)
  3 adders
  A white imp (D:5)
  2 adder skeletons
  6 worms
  6 dart slugs
  6 orcs
  8 ball pythons
  9 endoplasms
  8 giant cockroaches
  4 hobgoblins
  7 jackals
  8 kobolds
  5 quokkas
  4 bats
  4 frilled lizards
  8 goblins
  9 rats
117 creatures vanquished.

Vanquished Creatures (others)
  A human (D:4)
1 creature vanquished.

Grand Total: 118 creatures vanquished

Notes
Turn   | Place    | Note
-------+----------+-------------------------------------------
     0 | D:1      | tilp the Felid Ice Elementalist began the quest for the
                  | Orb.
     0 | D:1      | Reached XP level 1. HP: 7/7 MP: 4/4
   379 | D:1      | Reached XP level 2. HP: 11/11 MP: 4/6
   453 | D:1      | Reached skill level 4 in Ice Magic
  1081 | D:1      | Reached XP level 3. HP: 14/14 MP: 5/7
  1085 | D:1      | Learned a level 3 spell: Frozen Ramparts
  1428 | D:1      | Found a faded altar of an unknown god.
  2017 | D:1      | Learned a level 3 spell: Ozocubu's Armour
  2159 | D:2      | Reached XP level 4. HP: 11/18 MP: 4/9
  3535 | D:3      | Found a shimmering altar of Xom.
  3655 | D:3      | Reached skill level 5 in Ice Magic
  4185 | D:3      | Found a burning altar of Makhleb.
  4557 | D:3      | Found a bloodstained altar of Trog.
  4567 | D:3      | Found a stormy altar of Qazlal.
  4816 | D:4      | Reached XP level 5. HP: 21/21 MP: 8/10
  4836 | D:4      | Noticed an ogre
  4906 | D:4      | Found a staircase to the Ecumenical Temple.
  5101 | D:4      | Killed an ogre
  5243 | Temple   | Entered the Ecumenical Temple
  5476 | Temple   | Became a worshipper of Vehumet
  5748 | D:4      | Found a hazy altar of Hepliaklqana.
  5748 | D:4      | Noticed Blork the orc
  5890 | D:4      | Found an ancient bone altar of Kikubaaqudgha.
  5954 | D:4      | Noticed a human
  5955 | D:4      | Killed a human
  5969 | D:4      | Reached skill level 6 in Ice Magic
  5969 | D:4      | Gained mutation: You are covered in thick fur. (AC +2)
                  | [Felid growth]
  5969 | D:4      | Reached XP level 6. HP: 17/24 MP: 6/12
  6030 | D:4      | Learned a level 4 spell: Hailstorm
  6055 | D:4      | Reached skill level 1 in Fighting
  6055 | D:4      | Reached skill level 1 in Unarmed Combat
  6161 | D:4      | Found a shadowy altar of Dithmenos.
  6405 | D:4      | Reached XP level 7. HP: 29/29 MP: 10/14
  6968 | D:5      | Entered Level 5 of the Dungeon
  8123 | D:6      | Reached XP level 8. HP: 15/34 MP: 5/15
  8508 | D:6      | Shot with an arrow by a centaur
  8509 | D:6      | Reached XP level 7. HP: 0/31 MP: 9/14
  8509 | D:6      | Quit the game

Illustrated notes

Levels and vault maps discovered:
D:1:      minmay_arrival_four_loops, layout_basic,
          hellmonk_ecumenical_altar_defaced_shrine
D:2:      layout_basic, minmay_misc_feat_columns, nrook_loot_triangle
D:3:      minmay_thinvault, layout_loops_ring,
          mainiacjoe_overflow_cross_hatched, mainiacjoe_overflow_alcove_4,
          mainiacjoe_overflow_big_doors, minmay_misc_feat_roman
D:4:      layout_loops_corners, beargit_hepliaklqana_dungeon_heroes,
          tgw_kikubaaqudgha, grunt_dithmenos_smoke_and_mirrors,
          minmay_temple_entry_drinking_statues
D:5:      layout_loops_ring, chequers_serial_rivers_micro_c, nicolae_wormholes
D:6:      layout_basic, nicolae_overflow_crystal_walls, serial_shops, shop,
          kennysheep_small_circle
Temple:   minmay_temple_curvy_loop

Skill      XL: |  1  2  3  4  5  6  7  8 |
---------------+-------------------------+-----
Ice Magic      | 4 5 6 |  6.0
Spellcasting   | 3 4 |  4.0
Fighting       | 1 3 |  3.8
Dodging        | 3 4 |  4.0
Stealth        | 3 4 |  4.9
Unarmed Combat | 1 3 4 |  4.0

Action                   |  1- 3 |  4- 6 |  7- 9 || total
-------------------------+-------+-------+-------++-------
Melee: Unarmed           |    14 |    67 |    51 ||   132
       Bite              |       |     7 |    11 ||    18
       Punch             |       |       |     2 ||     2
 Cast: Freeze            |    55 |    43 |    11 ||   109
       Frozen Ramparts   |     3 |    20 |    10 ||    33
       Ozocubu's Armour  |       |    11 |     8 ||    19
Evoke: Wand              |       |     5 |     4 ||     9
  Use: Scroll            |     6 |     7 |     1 ||    14
       Potion            |       |       |     2 ||     2
 Stab: Sleeping          |     2 |     9 |     1 ||    12
Armor: Skin              |     2 |    15 |    21 ||    38
Dodge: Dodged            |    31 |    73 |    60 ||   164

Table legend: (Time is in decaauts)
 A = Elapsed time spent in this place.
 B = Non-inter-level travel time spent in this place.
 C = Inter-level travel time spent in this place.
 D = Time resting spent in this place.
 E = Time spent auto-exploring this place.
 F = Levels seen in this place.
 G = Mean time per level.
                   A        B        C        D        E       F      G
               +--------+--------+--------+--------+--------+-----+--------+
         Total |   7621 |   7350 |    271 |   1254 |   5244 |   7 | 1088.7 |
       Dungeon |   7413 |   7193 |    220 |   1254 |   5092 |   6 | 1235.5 |
        Temple |    207 |    157 |     50 |      0 |    151 |   1 |  207.0 |
               +--------+--------+--------+--------+--------+-----+--------+

Top non-repeatable levels by time:
     D:1: 1892 daAuts
     D:4: 1839 daAuts
     D:3: 1343 daAuts
     D:2: 1113 daAuts
     D:5: 831 daAuts
     D:6: 393 daAuts
  Temple: 207 daAuts
